 Dungeon Crawl Stone Soup version 0.25.1-2-g60ff931df9 (webtiles) character file.

Game seed: 8785660376709945136

88 HawFromDerth the Magician (level 4, -2/21 HPs)
             Began as a Deep Elf Air Elementalist on Sept 20, 2020.
             Was a Follower of Hepliaklqana.
             Slain by a slave (6 damage)
             ... led by Pikel
             ... on level 3 of the Dungeon.
             The game lasted 00:09:58 (3612 turns).

HawFromDerth the Magician (DEAE)                    Turns: 3612, Time: 00:09:59

Health: -2/21      AC:  3    Str:  5    XL:     4   Next: 30%
Magic:  5/12       EV: 13    Int: 21    God:    Hepliaklqana [*.....]
Gold:   123        SH:  0    Dex: 15    Spells: 1/11 levels left

rFire    . . .     SeeInvis .   (no weapon)
rCold    . . .     Gourm    .   (no shield)
rNeg     . . .     Faith    .   a - +1 robe
rPois    .         Spirit   .   (no helmet)
rElec    .         Reflect  .   (no cloak)
rCorr    .         Harm     .   (no gloves)
MR       .....                  (no boots)
Stlth    ++........             (no amulet)
HPRegen  0.07/turn              (no ring)
MPRegen  0.13/turn              (no ring)

@: no status effects
A: reduced essence
a: Recall Ancestor, Ancestor Identity, Renounce Religion


You were on level 3 of the Dungeon.
You worshipped Hepliaklqana.
Hepliaklqana was aware of your devotion.
You were not hungry.

You visited 1 branch of the dungeon, and saw 4 of its levels.

You collected 123 gold pieces.

Inventory:

Armour
 a - a +1 robe (worn)
Jewellery
 d - an uncursed ring of ice
 f - an uncursed amulet of guardian spirit
Scrolls
 g - a scroll of blinking {unknown}
 h - 5 scrolls of identify
 k - 4 scrolls of teleportation {unknown}
 l - a scroll of magic mapping {unknown}
 o - 2 scrolls of amnesia {unknown}
 p - a scroll of enchant weapon {unknown}
Potions
 b - 2 potions of curing {unknown}
 e - 2 potions of might
 i - a potion of haste {unknown}
 j - a potion of mutation {unknown}
 m - 2 potions of magic {unknown}
Comestibles
 c - 2 rations
 n - 2 chunks of flesh


   Skills:
 + Level 2.6 Dodging
 + Level 2.7 Stealth
 + Level 4.0 Spellcasting
 + Level 2.5 Conjurations
 + Level 3.9 Air Magic


You had one spell level left.
You knew the following spells:

 Your Spells              Type           Power        Failure   Level  Hunger
a - Shock                 Conj/Air       ###.         3%          1    None
b - Swiftness             Chrm/Air       ##......     9%          2    #......
c - Static Discharge      Conj/Air       ###.....     10%         3    ###....
d - Airstrike             Air            ###.......   24%         4    ####...

Your spell library contained the following spells:

 Spells                   Type           Power        Failure   Level  Hunger
 Lightning Bolt           Conj/Air       ###.......   65%         5    ######.


Dungeon Overview and Level Annotations

Branches:
Dungeon (4/15)
 Temple: D:4-7

Altars:
Hepliaklqana
Zin

Annotations:
D:4 Pikel


Message History

Casting: Shock (safe; 3% risk of failure)
Confirm with . or Enter, or press ? or * to list all spells.
Aiming: Shock (safe; 3% risk of failure)
Press: ? - help, Shift-Dir - straight line, f/p - slave
Aim: a slave (heavily wounded)
The zap hits the slave.
The slave is heavily wounded.
The slave closely misses you.
Casting: Shock (safe; 3% risk of failure)
Confirm with . or Enter, or press ? or * to list all spells.
Aiming: Shock (safe; 3% risk of failure)
Press: ? - help, Shift-Dir - straight line, f/p - slave
Aim: a slave (heavily wounded)
The zap hits the slave.
The slave is severely wounded.
The slave hits you.
* * * LOW HITPOINT WARNING * * *
There is an open door here.
The slave hits you.
You die...

#.#.##.########.#########
#.#.##.# #.# #.#.##.# #.#
#.#[...# ##+## #.###..#
##...## # #.###..#
##.....## # #......#
##.......## ##
####...####..<......####.
#.....@p'.........'....
##...####.........####.
###.## ##.......## ##
#...# ##..>..## # #.###
##...## #.# ##+##
##.##### #.# #......#
#.######### #..###.#
##.##.......


You could see a slave.

Vanquished Creatures
  A gnoll (D:2)
  2 oozes (D:2)
  A worm (D:3)
  A dart slug (D:1)
  2 leopard geckos
  An orc (D:3)
  6 giant cockroaches
  5 goblins
  7 hobgoblins
  3 jackals (D:1)
  6 kobolds
  A quokka (D:2)
  A ball python (D:3)
  4 bats
  2 frilled lizards (D:1)
  10 rats
53 creatures vanquished.

Vanquished Creatures (collateral kills)
  A giant cockroach (D:3)
  A hobgoblin (D:2)
  3 bats (D:3)
  A goblin (D:3)
6 creatures vanquished.

Vanquished Creatures (others)
  An ancestor (D:4)
1 creature vanquished.

Grand Total: 60 creatures vanquished

Notes
Turn   | Place    | Note
-------+----------+-------------------------------------------
     0 | D:1      | HawFromDerth the Deep Elf Air Elementalist began the quest
                  | for the Orb.
     0 | D:1      | Reached XP level 1. HP: 10/10 MP: 6/6
   342 | D:1      | Reached XP level 2. HP: 15/15 MP: 1/8
   550 | D:1      | Learned a level 2 spell: Swiftness
  1018 | D:1      | Reached XP level 3. HP: 19/19 MP: 7/10
  1174 | D:2      | Learned a level 3 spell: Static Discharge
  1379 | D:2      | Found a hazy altar of Hepliaklqana.
  1491 | D:2      | Became a worshipper of Hepliaklqana the Forgotten
  2628 | D:3      | Reached * piety under Hepliaklqana
  2657 | D:3      | Reached XP level 4. HP: 21/21 MP: 9/11
  2690 | D:3      | Reached skill level 4 in Spellcasting
  2929 | D:3      | Found a glowing silver altar of Zin.
  3195 | D:3      | Learned a level 4 spell: Airstrike
  3577 | D:4      | Noticed a slave
  3577 | D:4      | Noticed a slave
  3578 | D:4      | Noticed a slave
  3583 | D:4      | Noticed Pikel
  3591 | D:4      | Noticed a slave
  3612 | D:3      | Slain by a slave

Illustrated notes

Levels and vault maps discovered:
D:1:      minmay_arrival_radiant_lines, layout_basic
D:2:      minmay_alternating_diamond, layout_basic, overflow_temple_1_default,
          chequers_garden
D:3:      layout_loops_corners, zin_statuary, gup_sewer_entry_bubbles
D:4:      layout_layer_cave, bloody_trog, overflow_temple_1_default,
          uniq_menkaure, uniq_pikel, uniq_grinder

Skill      XL: |  1  2  3  4 |
---------------+-------------+-----
Conjurations   | 2 |  2.5
Spellcasting   | 4 |  4.0
Dodging        | |  2.6
Stealth        | |  2.7
Air Magic      | |  3.9

Action                   |  1- 3 |  4- 6 || total
-------------------------+-------+-------++-------
Melee: Unarmed           |     2 |       ||     2
 Cast: Shock             |    82 |    26 ||   108
       Airstrike         |       |     3 ||     3
Invok: Ancestor Identity |       |     1 ||     1
  Use: Potion            |     3 |       ||     3
       Scroll            |     2 |       ||     2
  Eat: Chunk             |     3 |     1 ||     4
       Ration            |     1 |     1 ||     2
Armor: Robe              |     3 |     2 ||     5
Dodge: Dodged            |     8 |     8 ||    16
